Map: Ley Lines

Players

KimChiLoVer - Winner!

  • Race: Terran Terran
  • Spawn Location: 7:00

VOD

Have the link to the VOD?

Description

Time

  • Played on: Aug. 14, 2025, 10:22 p.m.
  • Length: 9:59
Show
View Real Time Build Order
Export as new Build Order

KimChiLoVer Terran - Winner!

Build Orders: Reaper Expand 

Get SALT Encoding   

  12  0:02  SCV  
  12  0:14  SCV  
  12  0:18  Supply Depot  
  12  0:26  SCV  
  12  0:39  SCV  
  12  0:42  Barracks  
  12  0:46  Refinery  
  12  0:51  SCV  
  12  1:03  SCV  
  12  1:16  SCV  
  12  1:29  Orbital Command  
  12  1:31  Reaper  
  12  1:40  Command Center  
  12  1:50  Supply Depot  
  12  1:55  SCV  
  12  2:04  Marine  
  12  2:06  Factory  
  12  2:10  SCV, Refinery  
  12  2:22  SCV  
  12  2:29  Barracks Reactor, Barracks  
  12  2:40  Barracks  
  12  2:45  SCV  
  12  2:52  Factory Tech Lab  
  12  2:55  Orbital Command  
  12  2:57  SCV  
  12  3:08  Marine x2  
  12  3:09  SCV  
  12  3:21  SCV  
  12  3:22  SCV  
  12  3:26  Marine  
  12  3:33  Command Center  
  12  3:43  Factory Reactor  
  12  3:44  SCV  
  12  3:45  Starport, SCV  
  12  3:50  Stimpack  
  12  3:51  Marine  
  12  3:59  Engineering Bay  
  12  4:02  Engineering Bay, SCV  
  12  4:05  SCV  
  12  4:10  Supply Depot  
  12  4:17  Barracks  
  12  4:19  SCV  
  12  4:33  Factory Tech Lab  
  12  4:37  Barracks  
  12  4:38  Terran Infantry Weapons Level 1  
  12  4:39  Terran Infantry Armor Level 1  
  12  4:41  Medivac  
  12  4:42  Marine  
  12  4:43  Marine  
  12  4:46  SCV  
  12  4:47  SCV  
  12  4:52  Orbital Command  
  12  4:58  SCV  
  12  5:01  Marine x3  
  12  5:04  Barracks Tech Lab  
  12  5:06  Barracks Reactor  
  12  5:11  SCV  
  12  5:13  SCV  
  12  5:18  Medivac  
  12  5:19  Medivac  
  12  5:23  Refinery  
  12  5:24  SCV, Refinery  
  12  5:25  SCV  
  12  5:28  Barracks Reactor  
  12  5:35  Orbital Command  
  12  5:37  SCV  
  12  5:39  Supply Depot  
  12  5:41  SCV, Supply Depot  
  12  5:45  Marine  
  12  5:46  Marine x3  
  12  5:52  Barracks  
  12  5:53  Barracks  
  12  5:55  SCV, Barracks  
  12  5:57  SCV, Armory  
  12  6:01  Marauder, Marine  
  12  6:04  Combat Shield  
  12  6:07  Concussive Shells  
  12  6:09  Marine x2  
  12  6:13  Siege Tank  
  12  6:18  SCV  
  12  6:20  SCV x2  
  12  6:30  SCV  
  12  6:31  Supply Depot  
  12  6:32  SCV x2  
  12  6:33  Supply Depot  
  12  6:35  Medivac  
  12  6:36  Medivac  
  12  6:37  Marine  
  12  6:38  Marine x2  
  12  6:50  Command Center  
  12  6:53  SCV  
  12  6:55  Terran Infantry Weapons Level 2  
  12  7:00  Terran Infantry Armor Level 2  
  12  7:10  SCV x2  
  12  7:11  Marine x2  
  12  7:12  Marauder x2, Refinery  
  12  7:14  Barracks Tech Lab  
  12  7:15  Barracks Tech Lab, Barracks Reactor  
  12  7:19  Marine  
  12  7:20  Marine x3  
  12  7:22  SCV  
  12  7:24  Terran Vehicle And Ship Armor Level 1  
  12  7:28  SCV x2  
  12  7:30  Refinery  
  12  7:40  Supply Depot  
  12  7:42  Supply Depot  
  12  7:43  Marine x5  
  12  7:44  Medivac  
  12  7:57  Marine  
  12  8:01  Viking, Marine x6  
  12  8:02  Marauder x2  
  12  8:04  SCV x4  
  12  8:07  Siege Tank  
  12  8:12  Marauder, Marine x2  
  12  8:16  SCV  
  12  8:18  Starport  
  12  8:20  SCV  
  12  8:21  SCV  
  12  8:24  Planetary Fortress  
  12  8:28  SCV  
  12  8:31  Supply Depot x2  
  12  8:32  SCV  
  12  8:33  SCV  
  12  8:37  Marauder  
  12  8:44  Medivac, Marine x3  
  12  8:45  Marauder, Marine  
  12  8:46  Marine x2  
  12  8:47  Marauder x2  
  12  8:55  Starport Reactor  
  12  8:59  Marauder  
  12  9:04  Marine x7  
  12  9:06  Siege Tank, Marauder  
  12  9:08  Medivac  
  12  9:11  SCV x2  
  12  9:18  Supply Depot  
  12  9:19  Supply Depot  
  12  9:23  Medivac, SCV x2, Marine x2  
  12  9:27  Marine x2  
  12  9:36  Marauder, Marine x4  
Tags
 
Add a new tag
Caveats
  • Supply blocks, unpowered buildings, or Contaminate may cause inaccurate times.
  • Supply counts are checked every 10 seconds.